 Dungeon Crawl Stone Soup version 0.29.1-debian-1-gc3f1650bb9 (webtiles) character file.

Game seed: 15485651515685308907

2542385 nono the Slayer (level 27, 256/256 HPs)
             Began as a Palentonga Fighter on Sept 11, 2022.
             Was a High Priest of Okawaru.
             Escaped with the Orb
             ... and 4 runes on Sept 13, 2022!
             The game lasted 04:31:18 (60999 turns).

nono the Slayer (Palentonga Fighter)               Turns: 60999, Time: 04:31:19

Health: 256/256    AC: 39    Str: 41    XL:     27
Magic:  29/29      EV:  9    Int: 20    God:    Okawaru [*****.]
Gold:   2876       SH: 25    Dex:  4    Spells: 26/26 levels left

rFire   + + .      SeeInvis +   b - +9 sacred scourge (holy)
rCold   + . .      Faith    .   M - +0 tower shield of Hilizodoor {rF+}
rNeg    + + .      Spirit   .   c - +7 faerie dragon scales {rPois Regen+ rCorr}
rPois   +          Reflect  +   m - +3 crown of Dyrovepreva {rElec Int+2 SInv}
rElec   +          Harm     .   k - +2 cloak {Will+}
rCorr   +          Rampage  .   Q - +3 pair of gauntlets of War {Slay+5}
Will    +++++      Clarity  +   L - +0 barding {rF+}
Stlth   ..........              r - amulet of Ujut Jid {Reflect rPois Int+4 SH+5}
HPRegen 1.32/turn               U - ring "Nesej" {Wiz rC+ Str+3 Stlth-}
MPRegen 0.21/turn               X - ring of Thoughtfulness {rN++ Will+++ Str+6 Int+3 Dex-3}

@: no status effects
A: large, rugged brown scales 3, see invisible, deformed body, roll 2, armoured
tail, reflexive curl, hooves 1, iridescent scales 1, clarity, clumsy 1,
deterioration 1, low MP 1, strong-willed 1, screaming 1, weak 1
0: Orb of Zot
}: 4/15 runes: serpentine, barnacled, slimy, silver
a: Rolling Charge, Renounce Religion, Heroism, Finesse, Duel


You escaped.
You worshipped Okawaru.
Okawaru was extremely pleased with you.
You visited 13 branches of the dungeon, and saw 57 of its levels.
You visited 1 bazaar.
You also visited: Trove, Gauntlet, Ice Cave and Wizlab.

You collected 8335 gold pieces.
You spent 5459 gold pieces at shops.

Inventory:

Hand Weapons
 a - the +7 demon whip of Supply {vamp, MP-9 Str+2 Int+3}
   (Okawaru gifted it to you on level 5 of the Lair of Beasts)

   It occasionally heals its wielder for a portion of the damage dealt when it
   wounds a living foe.
   Str:       It affects your strength (+2).
   Int:       It affects your intelligence (+3).
   MP:        It affects your magic capacity (-9).
 b - a +9 sacred scourge of holy wrath (weapon)
 h - the +6 morningstar "Ymigg" {elec, rElec MP+9}
   (Okawaru gifted it to you on level 15 of the Dungeon)

   It occasionally discharges a powerful burst of electricity upon striking a
   foe.
   rElec:     It insulates you from electricity.
   MP:        It affects your magic capacity (+9).
 j - a +4 vorpal eveningstar
Missiles
 g - 9 throwing nets
Armour
 c - the +7 faerie dragon scales (worn) {rPois Regen+ rCorr}
   (You took it off the Enchantress on level 2 of the Depths)

   rPois:     It protects you from poison.
   Regen:     It increases your rate of health regeneration.
   rCorr:     It protects you from acid and corrosion.
 k - a +2 cloak of willpower (worn)
 m - the +3 crown of Dyrovepreva (worn) {rElec Int+2 SInv}
   (You found it in a treasure trove)

   Int:       It affects your intelligence (+2).
   rElec:     It insulates you from electricity.
   SInv:      It lets you see invisible.
 s - the +3 barding of Pantheism {rElec Will+ Str+4 Int-5}
   (Okawaru gifted it to you on level 1 of the Elven Halls)

   Str:       It affects your strength (+4).
   Int:       It affects your intelligence (-5).
   rElec:     It insulates you from electricity.
   Will:      It increases your willpower.
 A - +9 gold dragon scales
 L - a +0 barding of fire resistance (worn)
 M - the +0 tower shield of Hilizodoor (worn) {rF+}
   (Okawaru gifted it to you on level 3 of the Depths)

   rF:        It protects you from fire.
 P - the +1 kite shield of the Jabberwock {-Cast Fly Dex+4}
   (Okawaru gifted it to you on level 1 of the Vaults)

   Dex:       It affects your dexterity (+4).
   Fly:       It grants you flight.
   -Cast:     It prevents spellcasting.
 Q - the +3 pair of gauntlets of War (worn) {Slay+5}
   (You bought it in a shop on level 5 of the Vaults)

   Slay:      It affects your accuracy & damage with ranged weapons and melee
   (+5).
Jewellery
 p - the ring "Wuvvoh" {Fly Will+}
   (You found it in an ice cave)

   [ring of flight]

   Fly:       It grants you flight.
   Will:      It increases your willpower.
 r - the amulet of Ujut Jid (around neck) {Reflect rPois Int+4 SH+5}
   (You found it on level 3 of the Elven Halls)

   [amulet of reflection]

   It reflects blocked missile attacks.
   Int:       It affects your intelligence (+4).
   rPois:     It protects you from poison.
   SH:        It affects your SH (+5).
 t - the ring "Panem" {rPois EV+4}
   (You found it on level 5 of the Lair of Beasts)

   [ring of evasion]

   EV:        It affects your evasion (+4).
   rPois:     It protects you from poison.
 B - a ring of resist corrosion
 D - an amulet of regeneration
 E - an amulet of faith
 N - the amulet "Agoumoef" {RegenMP rF+ Int-4 SInv}
   (You found it in a treasure trove)

   [amulet of magic regeneration]

   It increases your rate of magic regeneration.
   Int:       It affects your intelligence (-4).
   rF:        It protects you from fire.
   SInv:      It lets you see invisible.
 T - a ring of protection from cold
 U - the ring "Nesej" (left hand) {Wiz rC+ Str+3 Stlth-}
   (You found it in a wizard's laboratory)

   [ring of wizardry]

   It improves your spell success rate.
   Str:       It affects your strength (+3).
   rC:        It protects you from cold.
   Stlth:     It makes you less stealthy.
 X - the ring of Thoughtfulness (right hand) {rN++ Will+++ Str+6 Int+3 Dex-3}
   (You bought it in a shop on level 1 of the Depths)

   [ring of strength]

   Str:       It affects your strength (+6).
   Int:       It affects your intelligence (+3).
   Dex:       It affects your dexterity (-3).
   rN:        It greatly protects you from negative energy.
   Will:      It greatly increases your willpower.
Wands
 v - a wand of digging (1)
 x - a wand of mindburst (41)
 S - a wand of roots (53)
Scrolls
 f - 23 scrolls of teleportation
 i - 12 scrolls of poison
 n - 9 scrolls of blinking
 q - 32 scrolls of identify
 u - 6 scrolls of immolation
 y - 3 scrolls of magic mapping
 z - 4 scrolls of silence
 C - 5 scrolls of enchant weapon
 H - a scroll of amnesia
 O - 8 scrolls of butterflies
 V - 5 scrolls of fear
 W - 9 scrolls of summoning
Potions
 d - 10 potions of might
 e - 9 potions of attraction
 l - a potion of resistance
 o - 31 potions of curing
 w - 6 potions of magic
 F - 6 potions of berserk rage
 G - 11 potions of flight
 I - 21 potions of mutation
 J - 9 potions of ambrosia
 K - 11 potions of heal wounds
 R - 3 potions of invisibility
 Y - 6 potions of cancellation
 Z - 3 potions of haste


   Skills:
 + Level 24.4 Fighting
 + Level 24.3 Maces & Flails
 + Level 18.6 Armour
 + Level 17.1 Dodging
 + Level 22.6 Shields
 + Level 12.6 Invocations


You had 26 spell levels left.
You didn't know any spells.
Your spell library contained the following spells:

 Spells                   Type           Power      Damage    Failure   Level
 Apportation              Tloc           0%         N/A       12%         1
 Beastly Appendage        Tmut           0%         N/A       12%         1
 Foxfire                  Conj/Fire      0%         2x1d4     12%         1
 Magic Dart               Conj           0%         1d3       12%         1
 Necrotise                Necr           0%         1d4       12%         1
 Sandblast                Erth           0%         2d4       12%         1
 Shock                    Conj/Air       0%         1d3       12%         1
 Sting                    Tmut/Pois      0%         1d3       12%         1
 Ensorcelled Hibernation  Hex/Ice        0%         N/A       17%         2
 Passwall                 Tmut/Erth      0%         N/A       17%         2
 Poisonous Vapours        Pois/Air       0%         N/A       17%         2
 Searing Ray              Conj           0%         2d4       17%         2
 Wereblood                Tmut           0%         N/A       17%         2
 Dazzling Flash           Conj/Hex       0%         N/A       32%         3
 Frozen Ramparts          Ice            0%         1d1       32%         3
 Gell's Gravitas          Tloc           0%         N/A       32%         3
 Ignite Poison            Fire/Tmut/Pois 0%         N/A       32%         3
 Kindle Blastsparks       Fire/Tloc/Air  0%         2d10      32%         3
 Lesser Beckoning         Tloc           0%         N/A       32%         3
 Mephitic Cloud           Conj/Pois/Air  0%         N/A       32%         3
 Ozocubu's Armour         Ice            0%         N/A       32%         3
 Portal Projectile        Hex/Tloc       0%         N/A       32%         3
 Spider Form              Tmut/Pois      0%         N/A       32%         3
 Stone Arrow              Conj/Erth      0%         3d7       32%         3
 Swiftness                Air            0%         N/A       32%         3
 Teleport Other           Tloc           0%         N/A       32%         3
 Airstrike                Air            0%         2d(0-16)  71%         4
 Anguish                  Hex/Necr       0%         N/A       71%         4
 Cause Fear               Hex            0%         N/A       71%         4
 Fulminant Prism          Conj/Hex       0%         3d6       71%         4
 Hailstorm                Conj/Ice       0%         3d3       71%         4
 Ice Form                 Ice/Tmut       0%         N/A       71%         4
 Iskenderun's Mystic Bla  Conj/Tloc      0%         2d3       71%         4
 Leda's Liquefaction      Hex/Erth       0%         N/A       71%         4
 Olgreb's Toxic Radiance  Pois           0%         N/A       71%         4
 Passage of Golubria      Tloc           0%         N/A       71%         4
 Petrify                  Tmut/Erth      0%         N/A       71%         4
 Sticky Flame             Conj/Fire      0%         2d3       71%         4
 Agony                    Necr           0%         N/A       96%         5
 Alistair's Intoxication  Tmut/Pois      0%         N/A       96%         5
 Arcjolt                  Conj/Air       0%         1d10      96%         5
 Blade Hands              Tmut           0%         N/A       96%         5
 Borgnjor's Vile Clutch   Necr/Erth      0%         N/A       96%         5
 Freezing Cloud           Conj/Ice/Air   0%         6-21      96%         5
 Irradiate                Conj/Tmut      0%         3d11      96%         5
 Iskenderun's Battlesphe  Conj           0%         2d6       96%         5
 Lee's Rapid Deconstruct  Erth           0%         3d5*      96%         5
 Metabolic Englaciation   Hex/Ice        0%         N/A       96%         5
 Silence                  Hex/Air        0%         N/A       96%         5
 Yara's Violent Unravell  Hex/Tmut       0%         3d3       96%         5
 Dispersal                Tloc           0%         N/A       100%        6
 Iron Shot                Conj/Erth      0%         9d1       100%        6
 Starburst                Conj/Fire      0%         6d3       100%        6
 Statue Form              Tmut/Erth      0%         N/A       100%        6
 Dragon Form              Tmut           0%         N/A       100%        7
 Enfeeble                 Hex            0%         N/A       100%        7
 Storm Form               Tmut/Air       0%         N/A       100%        7
 Borgnjor's Revivificati  Necr           0%         N/A       100%        8
 Disjunction              Tloc           0%         N/A       100%        8
 Lehudib's Crystal Spear  Conj/Erth      0%         10d2      100%        8
 Maxwell's Capacitive Co  Air            0%         ∞         100%        8
 Necromutation            Tmut/Necr      0%         N/A       100%        8
 Death's Door             Necr           0%         N/A       100%        9
 Polar Vortex             Ice            0%         N/A       100%        9
 Summon Small Mammal      Summ           Unusable   N/A       N/A         1
 Call Imp                 Summ           Unusable   N/A       N/A         2
 Call Canine Familiar     Summ           Unusable   N/A       N/A         3
 Tukima's Dance           Hex            Unusable   N/A       N/A         3
 Summon Ice Beast         Ice/Summ       Unusable   N/A       N/A         4
 Simulacrum               Ice/Necr       Unusable   N/A       N/A         6
 Spellforged Servitor     Conj/Summ      Unusable   N/A       N/A         7
 Dragon's Call            Summ           Unusable   N/A       N/A         9

Dungeon Overview and Level Annotations

Branches:
Dungeon (15/15)            Temple (1/1) D:5            Lair (5/5) D:8
 Shoals (4/4) Lair:2        Snake (4/4) Lair:3        Slime (5/5) Lair:5
    Orc (2/2) D:9             Elf (3/3) Orc:2        Vaults (5/5) D:13
  Crypt (3/3) Vaults:2       Tomb (0/3) Crypt:3      Depths (4/4) D:15
   Hell (visited)             Zot (5/5) Depths:4      IceCv (visited)
 WizLab (visited)         Gauntlet (visited)
    Dis: Hell:1         Geh: Hell:1         Coc: Hell:1         Tar: Hell:1

Altars:
Ashenzari
Cheibriados
Dithmenos
Elyvilon
Fedhas
Gozag
Hepliaklqana
Kikubaaqudgha
Makhleb
Nemelex Xobeh
Okawaru
Qazlal
Ru
Sif Muna
Trog
Uskayaw
Vehumet
Wu Jian
Xom
Yredelemnul
Zin
The Shining One
Jiyva

Shops:
D:6 ::**[*   Orc:1 ?   Orc:2 [[(*   Elf:1 =   Shoals:1 *   Shoals:4 [
Snake:1 ::   Snake:4 *   Vaults:5 [   Depths:1 =

Portals:
Hell: Depths:1 Depths:2 Depths:3 Depths:4
Abyss: Depths:1 Depths:3 Depths:4
Pandemonium: Depths:2 Depths:4
Ziggurat: Depths:4

Annotations:
Depths:4 exclusion: daeva


Innate Abilities, Weirdness & Mutations

You are completely covered in rugged brown scales. (AC +3, +7% HP)
You have supernaturally acute eyesight. (SInv)
Armour fits poorly on your strangely shaped body.
You can roll at foes to attack.
You have a long armoured tail.
You curl defensively after being hit. (AC +7*)
You have large cloven feet.
You are partially covered in iridescent scales. (AC +2)
You possess an exceptional clarity of mind.
You are clumsy. (Dex -2)
Your body sometimes deteriorates upon taking damage.
Your magical capacity is low. (-10% MP)
You are strong-willed. (Will+)
You occasionally shout uncontrollably at your foes.
You are weak. (Str -2)


Message History

Okawaru accepts your kill. The golden eye blinks at you.
You resist with almost no effort.
You thrash the golden eye!!
You kill the golden eye!
Okawaru accepts your kill.
The golden eye blinks!
You whack the golden eye!
You kill the golden eye!
Okawaru accepts your kill. The golden eye blinks at you.
You resist with almost no effort.
You enter the shallow water.
Moving in this stuff is going to be slow.
The golden eye blinks at you. You resist with almost no effort.
You whack the golden eye! You kick the golden eye.
You kill the golden eye!
Okawaru accepts your kill.
No target in view!
No target in view!
There is an open door here.
Boris, Master of Life and Death comes into view.
He is wearing a +1 robe of willpower.
Boris is empowered by the presence of the orb!
Boris casts a spell at you.
The iron shot reflects off an invisible shield around you!
The iron shot hits Boris!!!!
Boris gestures wildly while chanting.
Boris flickers and vanishes for a moment.
Boris barely misses you. Boris touches you but does no damage.
You devastate Boris!!!
Boris convulses!!
You destroy Boris!
Okawaru accepts your kill.
K - 11 potions of heal wounds (gained 1)
You see here a +1 robe of willpower.
There is an open door here.
Things that are here:
a +0 whip; 8 stones; a +0 dagger
There is a staircase leading out of the dungeon here.
You have escaped!

.....#...#....(........##.#.#.#.#
.....'.#######)###+###......#.#.#
.#...### ##.###.######.......#
.#...# #...>...# #...#†### .#...#
#...#...# #.>.#.# .#...#
#...#...# #.....# .#...#
#...#...# ###..#### .#...#
#.......# #......# .#...#
#...@...# #.##.#.# .#...#
#.......# #......# .#...#
######### ###.#### .##### #.# .#
###.# ## ############## ###...#
#............#####...###
#............##....### ##
#............##.####


There were no monsters in sight!

Vanquished Creatures
  the Royal Jelly (Slime:5)
  7 dread liches
  Mennas (Depths:4)
  Khufu (Crypt:3)
  2 ancient liches (Zot:5)
  6 orbs of fire
  A juggernaut (Depths:4)
  Boris (twice) (Vaults:5 D:1)
  3 Killer Klowns (Zot:5)
  Xtahua (Crypt:1)
  A curse toe (Zot:2)
  A caustic shrike (Depths:2)
  Saint Roka (Depths:2)
  Geryon (Hell)
  Jory (Depths:4)
  15 golden dragons
  the Enchantress (Depths:2)
  A mutant beast (WizLab)
  A profane servitor (Crypt:3)
  A pandemonium lord (Depths:4)
  5 bone dragons
  2 doom hounds (Depths:4)
  A Tzitzimitl (Depths:3)
  2 electric golems
  A hellephant (Depths:3)
  A Brimstone Fiend (Depths:2)
  9 tentacled monstrosities
  5 liches
  Grunn (Depths:4)
  Zenata (Vaults:4)
  A walking earthen tome (Depths:3)
  3 deep elf blademasters
  5 rockslimes
  4 deep elf master archers (Elf:3)
  8 titans
  Murray (Hell)
  26 Orb Guardians
  A walking divine tome (Depths:4)
  15 acid blobs
  3 quicksilver dragons
  2 krakens
  8 death cobs
  An ancient champion (Crypt:3)
  3 sphinxes
  9 tengu reavers
  7 storm dragons
  4 revenants
  Donald (Orc:2)
  10 azure jellies
  5 draconian monks
  12 shadow dragons
  5 nagarajas
  4 draconian knights
  14 vault wardens
  4 fire giants
  9 frost giants
  A balrug (Depths:3)
  Aizul (Crypt:1)
  3 draconian scorchers
  2 iron dragons
  Louise (Shoals:3)
  6 deep elf sorcerers
  A ghost moth (Zot:2)
  A cacodemon (Depths:4)
  2 deep elf elementalists (Elf:3)
  4 spectral caustic shrikes (Depths:1)
  4 curse skulls
  6 draconian shifters
  18 ironbound preservers
  2 orc warlords
  3 ghouls
  7 reapers
  6 draconian stormcallers
  A war gargoyle (Vaults:5)
  18 stone giants
  5 spriggan defenders
  6 draconian annihilators
  8 quicksilver oozes
  9 ironbound thunderhulks
  6 deep elf demonologists
  9 vampire knights
  33 very ugly things
  A putrid mouth (Depths:3)
  A minotaur (Gauntlet)
  10 yellow draconians
  10 green draconians
  2 dire elephants
  15 red draconians
  7 deep elf annihilators (Elf:3)
  14 black draconians
  6 white draconians
  9 purple draconians
  3 entropy weavers
  2 spark wasps (Depths:3)
  A crystal guardian (Vaults:2)
  8 merfolk impalers
  3 mummy priests
  12 ettins
  3 merfolk javelineers
  A blizzard demon (Depths:3)
  8 deep elf death magi
  8 fire dragons
  The ghost of PaleRider the Marksspriggan, a journeyman SpHu of Okawaru (Lair:5)
  10 deep elf high priests
  A green death (Depths:4)
  19 jiangshi
  Josephine (D:15)
  10 yaktaur captains
  2 eidola
  14 great orbs of eyes
  2 caustic shrike simulacra (IceCv)
  32 vault guards
  4 rakshasas
  5 salamander tyrants
  7 hydras
  7 ice dragons
  A peacekeeper (Vaults:2)
  A hell beast (Zot:2)
  An Orb Guardian zombie (Crypt:2)
  A catoblepas (Lair:5)
  4 merfolk avatars
  Erolcha (D:13)
  8 anacondas
  7 ironbound frosthearts
  5 ogre magi
  7 merfolk aquamancers
  4 spriggan air magi
  17 death yaks
  A spectral stone giant (Crypt:3)
  16 two-headed ogres
  16 centaur warriors
  An alligator (shapeshifter) (Vaults:5)
  2 death knights (Crypt:3)
  5 boulder beetles
  4 alligator snapping turtles
  31 dancing weapons
  A tengu warrior (D:15)
  2 satyrs
  3 death scarabs (Depths:3)
  4 deep troll earth magi
  A quicksilver ooze zombie (Crypt:2)
  7 spriggan berserkers
  12 naga warriors
  6 naga sharpshooters
  3 deep troll shamans
  3 hell hogs (Hell)
  2 orc high priests (Orc:2)
  6 shock serpents
  9 hell knights
  2 spectral dire elephants (Crypt:3)
  2 soul eaters (Depths:4)
  A titan skeleton (Depths:2)
  11 deep elf knights
  2 sixfirhies (Depths:4)
  2 salamander mystics (Snake:3)
  19 skeletal warriors
  9 large abominations
  7 spriggans (Depths:2)
  A goliath frog (shapeshifter) (Depths:2)
  A shadow wraith (Crypt:3)
  4 iron trolls
  9 lindwurms
  20 sea snakes
  6 naga ritualists
  8 glowing orange brains
  A golden dragon zombie (Depths:2)
  67 deep trolls
  8 wizards
  A bog body (Crypt:1)
  An iron giant skeleton (Crypt:2)
  A flayed ghost (Crypt:3)
  7 deep elf archers
  2 orange crystal statues (IceCv)
  6 phantasmal warriors
  A swamp dragon (shapeshifter) (WizLab)
  22 deep elf pyromancers
  21 deep elf zephyrmancers
  9 necromancers
  11 ironbound convokers
  A lindwurm (shapeshifter) (WizLab)
  A harpy (shapeshifter) (Elf:3)
  A frost giant zombie (Depths:2)
  A faun (shapeshifter) (WizLab)
  39 harpies
  6 orc knights
  6 mana vipers
  A manticore (shapeshifter) (Elf:3)
  4 shining eyes
  13 fauns
  62 ugly things
  8 cyclopes
  4 orc sorcerers
  15 manticores
  18 moths of wrath
  A moth of wrath (shapeshifter) (Vaults:5)
  Maurice (D:11)
  2 guardian serpents (shapeshifter)
  14 salamanders
  8 elephants
  2 smoke demons
  A water nymph (shapeshifter) (Vaults:5)
  27 black mambas
  5 merfolk sirens
  2 rust devils (D:3)
  17 naga magi
  3 black mambas (shapeshifter)
  4 eyes of devastation
  12 vault sentinels
  8 water nymphs
  An orange demon (Depths:4)
  A titan simulacrum (Hell)
  4 gargoyles
  4 centaur skeletons (D:13)
  An unseen horror (shapeshifter) (Elf:3)
  An ice statue (Gauntlet)
  A torpor snail (Lair:1)
  Maggie (D:9)
  A hellion (Depths:3)
  15 cane toads
  4 rime drakes
  2 efreet
  12 komodo dragons
  3 anaconda simulacra (IceCv)
  2 kobold demonologists
  2 komodo dragons (shapeshifter) (WizLab)
  8 guardian mummies
  A rime drake (shapeshifter) (WizLab)
  A swamp worm zombie (Crypt:1)
  23 yaktaurs
  A golden dragon simulacrum (IceCv)
  A spriggan skeleton (Depths:2)
  A harpy zombie (Crypt:2)
  3 tormentors
  9 freezing wraiths
  A hellwing (Depths:2)
  A tengu conjurer (D:15)
  3 queen bees (shapeshifter)
  11 trolls
  A red devil (D:2)
  2 trolls (shapeshifter)
  7 wind drakes
  33 merfolk
  3 meliai (D:12)
  2 polar bears (shapeshifter) (WizLab)
  A queen bee (D:12)
  A tarantella (shapeshifter) (WizLab)
  3 polar bears
  A hornet (shapeshifter) (WizLab)
  3 hornets
  A slime creature (shapeshifter) (Vaults:5)
  A guardian serpent zombie (Crypt:1)
  A mana viper skeleton (Crypt:2)
  A raiju (shapeshifter) (WizLab)
  16 blink frogs
  A tarantella (Vaults:2)
  A harpy skeleton (Crypt:3)
  A radroach zombie (Crypt:1)
  A great orb of eyes zombie (Crypt:1)
  19 dream sheep
  79 slime creatures
  A guardian serpent skeleton (Crypt:2)
  11 snapping turtles
  2 culicivoras (shapeshifter) (WizLab)
  52 flying skulls
  Sigmund (D:3)
  An alligator skeleton (Crypt:2)
  5 shadows
  2 air elementals (Elf:2)
  6 wyverns
  34 water elementals
  A human (shapeshifter) (WizLab)
  2 spriggans (shapeshifter)
  10 wraiths
  3 vampires
  3 hogs (shapeshifter) (WizLab)
  2 fire elementals
  A steam dragon (D:9)
  8 basilisks
  2 fire bats (shapeshifter)
  43 yaks
  A dire elephant simulacrum (IceCv)
  10 golden eyes
  2 redbacks (Vaults:2)
  5 vampire mosquitoes
  A redback (shapeshifter) (Vaults:4)
  2 iron golems
  4 harpy simulacra
  An acid dragon (D:11)
  A glowing shapeshifter zombie (Depths:2)
  38 nagas
  2 hydra simulacra (IceCv)
  7 wargs
  9 water moccasins
  Duvessa (D:7)
  A hell hound (Hell)
  8 floating eyes
  A lindwurm zombie (Crypt:1)
  2 floating eyes (shapeshifter) (Elf:3)
  46 orc warriors
  4 alligator simulacra (IceCv)
  2 ice beasts
  5 sky beasts
  2 ettin simulacra (IceCv)
  A swamp drake (Orc:2)
  5 black bears
  An elephant zombie (Crypt:1)
  11 ogres
  A boggart (D:8)
  31 wolves
  26 centaurs
  A manticore skeleton (Crypt:1)
  6 kobold brigands
  15 bullfrogs
  2 scorpions
  5 necrophages
  3 earth elementals
  Dowan (D:7)
  11 killer bees
  5 howler monkeys
  11 electric eels
  A crimson imp (Orc:2)
  8 small abominations
  2 hounds
  An iron imp (Orc:2)
  5 jellies
  Crazy Yiuf (D:2)
  2 gnoll boudas
  30 orc priests
  3 iguanas
  33 orc wizards
  A boggart skeleton (Crypt:2)
  4 gnolls (D:5)
  4 adders
  3 shadow imps
  3 white imps
  An ufetubus (D:5)
  2 worms
  4 dart slugs
  116 orcs
  6 ball pythons
  6 bats
  6 endoplasms
  3 giant cockroaches
  9 goblins
  8 hobgoblins
  4 jackals (D:2)
  36 kobolds
  4 quokkas
  A ball python skeleton (Crypt:1)
  4 frilled lizards
  A hobgoblin zombie (Crypt:1)
  7 rats
  6 tentacles
2489 creatures vanquished.

Vanquished Creatures (collateral kills)
  A killer bee (D:7)
1 creature vanquished.

Vanquished Creatures (others)
  A dread lich (Vaults:5)
  A fire giant (Depths:3)
  A balrug (Depths:3)
  A draconian stormcaller (Zot:2)
  A purple draconian (Zot:2)
  A white draconian (Zot:2)
  2 moths of wrath (Zot:2)
  A water nymph (Shoals:3)
  An unseen horror (D:12)
  A merfolk (Shoals:3)
  A killer bee (D:7)
  An orc priest (Vaults:5)
  An orc (Orc:2)
  14 demonic plants (Gauntlet)
  17 fungi
  131 plants
  35 tentacles
211 creatures vanquished.

Grand Total: 2701 creatures vanquished

Notes
Turn   | Place    | Note
-------+----------+-------------------------------------------
     0 | D:1      | nono the Palentonga Fighter began the quest for the Orb.
     0 | D:1      | Reached XP level 1. HP: 19/19 MP: 1/1
    28 | D:1      | Reached XP level 2. HP: 21/25 MP: 2/2
   550 | D:1      | Found a faded altar of an unknown god.
   676 | D:2      | Reached XP level 3. HP: 28/31 MP: 3/3
  1037 | D:2      | Found a runed translucent door.
  1038 | D:2      | Noticed Crazy Yiuf
  1049 | D:2      | Killed Crazy Yiuf
  1050 | D:2      | Reached XP level 4. HP: 13/37 MP: 0/4
  1066 | D:2      | Identified the +11 hammer of the Wizarding Rat {freeze,
                  | Int+5}
  1616 | D:3      | Noticed Sigmund
  1620 | D:3      | Killed Sigmund
  1621 | D:3      | Reached XP level 5. HP: 44/44 MP: 5/5
  2109 | D:3      | Found a hide-covered altar of Uskayaw.
  2176 | D:3      | Reached XP level 6. HP: 44/50 MP: 6/6
  2584 | D:4      | You fall into a shaft and drop 3 floors!
  2598 | D:7      | Noticed Duvessa
  2614 | D:7      | Killed Duvessa
  2660 | D:7      | Gained mutation: You curl defensively after being hit. (AC
                  | +7*) [Palentonga growth]
  2660 | D:7      | Reached XP level 7. HP: 51/58 MP: 7/7
  2727 | D:7      | Found a radiant altar of Vehumet.
  2732 | D:7      | Found a blossoming altar of Fedhas.
  2737 | D:7      | Found a bloodstained altar of Trog.
  2742 | D:7      | Found a basalt altar of Yredelemnul.
  3039 | D:5      | Entered Level 5 of the Dungeon
  3056 | D:5      | Found a staircase to the Ecumenical Temple.
  3062 | D:5      | Reached skill level 5 in Fighting
  3067 | Temple   | Entered the Ecumenical Temple
  3176 | Temple   | Became a worshipper of Warmaster Okawaru
  3241 | D:4      | Found a shimmering altar of Xom.
  3994 | D:5      | Reached skill level 1 in Invocations
  4334 | D:5      | Reached XP level 8. HP: 50/67 MP: 9/9
  4337 | D:5      | Reached skill level 5 in Maces & Flails
  4337 | D:5      | Reached skill level 5 in Shields
  4396 | D:5      | Reached * piety under Okawaru
  4727 | D:6      | Found Lyr Ebe's Book Shoppe.
  5138 | D:6      | Reached skill level 5 in Armour
  5217 | D:6      | Found Momp's General Store.
  5217 | D:6      | Found Civo's General Store.
  5217 | D:6      | Found Pymaedd's Assorted Antiques.
  5218 | D:6      | Found Cuyxivif's Antique Armour Shoppe.
  5235 | D:6      | Bought a +2 helmet of intelligence for 258 gold pieces
  5235 | D:6      | Bought a scroll of enchant weapon for 90 gold pieces
  5277 | D:6      | Found a burning altar of Makhleb.
  5302 | D:6      | Found Ebbab's Book Emporium.
  5420 | D:6      | Identified a scroll of acquirement
  5421 | D:6      | Acquired a manual of Dodging
  5500 | D:6      | Found Ryhyih's Book Emporium.
  5533 | D:7      | Reached ** piety under Okawaru
  5543 | D:7      | Reached skill level 1 in Dodging
  5550 | D:7      | Reached XP level 9. HP: 73/73 MP: 11/11
  5556 | D:7      | Noticed Dowan
  5564 | D:7      | Killed Dowan
  5924 | D:8      | Noticed a gargoyle
  5930 | D:8      | Killed a gargoyle
  6000 | D:8      | Found a shimmering blue altar of Sif Muna.
  6489 | D:8      | Found a staircase to the Lair.
  6974 | D:9      | Reached *** piety under Okawaru
  7010 | D:9      | Noticed a six-headed hydra
  7022 | D:9      | Killed a six-headed hydra
  7022 | D:9      | Noticed a two-headed ogre
  7023 | D:9      | Reached skill level 5 in Invocations
  7024 | D:9      | Reached XP level 10. HP: 81/84 MP: 11/13
  7034 | D:9      | Killed a two-headed ogre
  7075 | D:9      | Reached **** piety under Okawaru
  7080 | D:9      | Noticed a two-headed ogre
  7182 | D:9      | Found a staircase to the Orcish Mines.
  7328 | D:9      | Reached skill level 5 in Dodging
  7378 | D:9      | Paralysed by a hornet for 2 turns
  7460 | D:8      | Noticed a centaur warrior
  7467 | D:8      | Killed a centaur warrior
  7497 | D:8      | Noticed a manticore
  7502 | D:8      | Noticed a white ugly thing
  7511 | D:8      | Killed a white ugly thing
  7527 | D:8      | Killed a manticore
  7552 | D:8      | Noticed a cyclops
  7563 | D:8      | Killed a cyclops
  7563 | D:8      | Reached ***** piety under Okawaru
  7564 | D:8      | Reached XP level 11. HP: 52/92 MP: 12/16
  7873 | D:9      | Killed a two-headed ogre
  8099 | Lair:1   | Entered Level 1 of the Lair of Beasts
  8106 | Lair:1   | Identified the +8 rapier of Xirownewn {vamp, rN+}
  8708 | Lair:1   | Upgraded the game from 0.30-a0-58-gc0703345a7 to
                  | 0.29.1-debian-1-gc3f1650bb9
  8729 | Lair:1   | Received a gift from Okawaru
  9179 | Lair:2   | Reached XP level 12. HP: 33/101 MP: 15/18
  9718 | Lair:2   | Found a staircase to the Shoals.
  9945 | Lair:2   | Identified the +1 robe "Borr" {Str+4} (Okawaru gifted it to
                  | you on level 2 of the Lair of Beasts)
  9945 | Lair:2   | Received a gift from Okawaru
 10117 | Lair:3   | Noticed a six-headed hydra
 10122 | Lair:3   | Killed a six-headed hydra
 10267 | Lair:3   | Noticed an eight-headed hydra
 10273 | Lair:3   | Killed an eight-headed hydra
 10429 | Lair:3   | Found a staircase to the Snake Pit.
 10784 | Lair:3   | Noticed a death yak
 10785 | Lair:3   | Noticed a death yak
 10786 | Lair:3   | Noticed a death yak
 10813 | Lair:3   | Killed a death yak
 10820 | Lair:3   | Killed a death yak
 10822 | Lair:3   | Noticed a death yak
 10832 | Lair:3   | Killed a death yak
 10833 | Lair:3   | Reached skill level 10 in Fighting
 10838 | Lair:3   | Killed a death yak
 11106 | Lair:4   | Received a gift from Okawaru
 11111 | Lair:4   | Reached XP level 13. HP: 110/110 MP: 18/20
 11354 | Lair:4   | Reached skill level 10 in Maces & Flails
 11559 | Lair:4   | Reached skill level 10 in Dodging
 12158 | Lair:5   | Entered Level 5 of the Lair of Beasts
 12160 | Lair:5   | Found a runed translucent door.
 12160 | Lair:5   | Found a viscous altar of Jiyva.
 12165 | Lair:5   | Reached skill level 10 in Invocations
 12167 | Lair:5   | Found a staircase to the Slime Pits.
 12187 | Lair:5   | Received a gift from Okawaru
 12201 | Lair:5   | Found a runed translucent gate.
 12430 | Lair:5   | Reached skill level 10 in Shields
 12583 | Lair:5   | Reached ****** piety under Okawaru
 12591 | Lair:5   | Received a gift from Okawaru
 12695 | Lair:5   | Reached XP level 14. HP: 117/120 MP: 21/21
 13057 | Lair:5   | Found a runed translucent gate.
 13058 | Lair:5   | Found a runed translucent gate.
 13058 | Lair:5   | Noticed PaleRider's ghost (journeyman SpHu)
 13068 | Lair:5   | Identified the +7 demon whip of Supply {vamp, MP-9 Str+2
                  | Int+3} (Okawaru gifted it to you on level 5 of the Lair of
                  | Beasts)
 13068 | Lair:5   | Received a gift from Okawaru
 13113 | Lair:5   | Killed PaleRider's ghost
 13118 | Lair:5   | Identified the +0 cloak of the Trilobite {SInv}
 13569 | Lair:5   | Identified the ring "Panem" {rPois EV+4}
 13908 | D:9      | Paralysed by a floating eye for 3 turns
 13934 | D:9      | Noticed Maggie
 13945 | D:9      | Killed Maggie
 14126 | D:9      | Found a broken altar of Ashenzari.
 14212 | D:10     | Entered Level 10 of the Dungeon
 14851 | D:11     | Noticed Maurice
 14868 | D:11     | Killed Maurice
 15312 | D:11     | Reached skill level 10 in Armour
 16046 | D:12     | Received a gift from Okawaru
 17040 | D:13     | Noticed Erolcha
 17050 | D:13     | Killed Erolcha
 17100 | D:13     | Received a gift from Okawaru
 17317 | D:13     | Reached XP level 15. HP: 120/130 MP: 13/22
 17414 | D:13     | Found a gate to the Vaults.
 18644 | D:14     | Found a portal to a secret trove of treasure.
 19340 | D:15     | Entered Level 15 of the Dungeon
 19478 | D:15     | Identified the +6 morningstar "Ymigg" {elec, rElec MP+9}
                  | (Okawaru gifted it to you on level 15 of the Dungeon)
 19478 | D:15     | Received a gift from Okawaru
 19690 | D:15     | Found a stormy altar of Qazlal.
 19718 | D:15     | Found a staircase to the Depths.
 19718 | D:15     | Noticed a fire giant
 19748 | D:15     | Killed a fire giant
 19900 | D:15     | Noticed Josephine
 19912 | D:15     | Killed Josephine
 20433 | Orc:1    | Entered Level 1 of the Orcish Mines
 20433 | Orc:1    | Found Loblote's Magic Scroll Boutique.
 20459 | Orc:1    | Bought a scroll of teleportation for 42 gold pieces
 21230 | Orc:2    | Entered Level 2 of the Orcish Mines
 21306 | Orc:2    | Found a radiant altar of Vehumet.
 21360 | Orc:2    | Found a gate leading to a gauntlet.
 21369 | Gauntlet | Entered a Gauntlet
 21369 | Gauntlet | Found a transporter.
 21382 | Gauntlet | Found a transporter.
 21384 | Gauntlet | Found a transporter.
 21385 | Gauntlet | Found a transporter.
 21400 | Gauntlet | Found a transporter.
 21418 | Gauntlet | Found a transporter.
 21426 | Gauntlet | Found a transporter.
 21445 | Gauntlet | Found a transporter.
 21460 | Gauntlet | Found a transporter.
 21472 | Gauntlet | Found a transporter.
 21489 | Gauntlet | Found a large runed translucent door.
 21490 | Gauntlet | Found a large runed translucent door.
 21491 | Gauntlet | Found a large runed translucent door.
 21491 | Gauntlet | Found a large runed translucent door.
 21492 | Gauntlet | Found a runed translucent gate.
 21493 | Gauntlet | Found a transporter.
 21493 | Gauntlet | Found a runed translucent gate.
 21494 | Gauntlet | Found a runed translucent gate.
 21495 | Gauntlet | Found a large runed translucent door.
 21495 | Gauntlet | Found a large runed translucent door.
 21496 | Gauntlet | Found a large runed translucent door.
 21497 | Gauntlet | Found a large runed translucent door.
 21505 | Gauntlet | Found a transporter.
 21517 | Gauntlet | Found a transporter.
 21534 | Gauntlet | Found a transporter.
 21552 | Gauntlet | Found a transporter.
 21554 | Gauntlet | Found a transporter.
 21581 | Gauntlet | Found a transporter.
 21604 | Gauntlet | Found a transporter.
 21611 | Gauntlet | Found a large runed translucent door.
 21611 | Gauntlet | Found a large runed translucent door.
 21613 | Gauntlet | Found a large runed translucent door.
 21613 | Gauntlet | Found a large runed translucent door.
 21626 | Gauntlet | Found a large runed translucent door.
 21626 | Gauntlet | Found a large runed translucent door.
 21626 | Gauntlet | Found a runed translucent door.
 21626 | Gauntlet | Found a runed translucent door.
 21649 | Gauntlet | Found a large runed translucent door.
 21650 | Gauntlet | Found a large runed translucent door.
 21802 | Gauntlet | Reached XP level 16. HP: 142/142 MP: 12/23
 22025 | Orc:2    | Noticed Donald
 22045 | Orc:2    | Killed Donald
 22045 | Orc:2    | Received a gift from Okawaru
 22197 | Orc:2    | Found Oxtewus's General Store.
 22233 | Orc:2    | Bought a scroll of teleportation for 30 gold pieces
 22233 | Orc:2    | Bought a scroll of enchant weapon for 75 gold pieces
 22404 | Orc:2    | Found Byqiog's Armour Emporium.
 22487 | Orc:2    | Found a staircase to the Elven Halls.
 22841 | Orc:2    | Found Bam Apri's Antique Armour Boutique.
 22847 | Orc:2    | Found Geysoet's Antique Weapon Shop.
 22858 | Orc:2    | Bought a pair of runed gloves for 172 gold pieces
 23222 | Shoals:1 | Entered Level 1 of the Shoals
 23596 | Shoals:1 | Found Jeycw's Gadget Gallery.
 24178 | Shoals:2 | Reached skill level 15 in Fighting
 24366 | Shoals:2 | Noticed a kraken
 24439 | Shoals:2 | Killed a kraken
 24440 | Shoals:2 | Reached skill level 15 in Maces & Flails
 25392 | Shoals:2 | Identified the +5 ring mail "Nuegas" {rC+} (Okawaru gifted
                  | it to you on level 2 of the Shoals)
 25392 | Shoals:2 | Received a gift from Okawaru
 25676 | Shoals:3 | Reached XP level 17. HP: 151/151 MP: 15/24
 25978 | Shoals:3 | Noticed Louise
 25994 | Shoals:3 | Killed Louise
 26260 | Shoals:4 | Entered Level 4 of the Shoals
 26417 | Shoals:4 | Found Jaij's Armour Shoppe.
 26528 | Shoals:4 | Acquired a +1 eveningstar of pain
 26716 | Shoals:4 | Received a gift from Okawaru
 27033 | Shoals:4 | Noticed a kraken
 27064 | Shoals:4 | Killed a kraken
 27080 | Shoals:4 | Got a barnacled rune of Zot
 27106 | Shoals:4 | Reached skill level 15 in Shields
 28016 | D:14     | You paid a toll of 5 scrolls of fear to enter a treasure
                  | trove
 28017 | Trove    | Entered a treasure trove
 28056 | Trove    | Found the +3 crown of Dyrovepreva {rElec Int+2 SInv}
 28060 | Trove    | Identified the +1 barding "Widot" {rPois}
 28087 | Trove    | Identified the ring "Pehulum" {*Slow rPois Will+ rCorr
                  | SInv}
 28089 | Trove    | Identified the amulet "Agoumoef" {RegenMP rF+ Int-4 SInv}
 28239 | Vaults:1 | Entered Level 1 of the Vaults
 28355 | Vaults:1 | Received a gift from Okawaru
 28680 | Vaults:1 | Identified the +1 kite shield of the Jabberwock {-Cast Fly
                  | Dex+4} (Okawaru gifted it to you on level 1 of the Vaults)
 28680 | Vaults:1 | Received a gift from Okawaru
 28866 | Vaults:1 | Reached XP level 18. HP: 163/163 MP: 16/25
 29903 | Vaults:2 | Found a flickering gateway to a bazaar.
 29918 | Bazaar   | Entered a bazaar
 29919 | Bazaar   | Found Jarhefuwk's Assorted Antiques.
 29924 | Bazaar   | Found Hamink's Armour Shoppe.
 29953 | Bazaar   | Found Zunnipays's Distillery.
 29958 | Bazaar   | Found Lekheret's Book Emporium.
 29964 | Bazaar   | Found Jihiraarr's Jewellery Emporium.
 29973 | Bazaar   | Bought a ring of willpower for 375 gold pieces
 29989 | Bazaar   | Bought a manual of Dodging for 1200 gold pieces
 30004 | Bazaar   | Bought a potion of mutation for 72 gold pieces
 30004 | Bazaar   | Bought a potion of curing for 27 gold pieces
 30004 | Bazaar   | Bought a potion of curing for 27 gold pieces
 30004 | Bazaar   | Bought a potion of haste for 90 gold pieces
 30035 | Bazaar   | Bought a potion of berserk rage for 120 gold pieces
 30035 | Bazaar   | Bought a potion of mutation for 192 gold pieces
 30908 | Vaults:2 | Received a gift from Okawaru
 31510 | Vaults:2 | Found a staircase to the Crypt.
 31510 | Vaults:2 | Found a basalt altar of Yredelemnul.
 31510 | Vaults:2 | Found an ancient bone altar of Kikubaaqudgha.
 32003 | Vaults:3 | Reached XP level 19. HP: 169/173 MP: 17/26
 32171 | Vaults:3 | Identified the +2 arbalest of Eternal Harmony {freeze,
                  | rCorr}
 32175 | Vaults:3 | Identified the +10 triple crossbow of Ostom {venom, Fly rC+
                  | Str+4}
 32860 | Vaults:4 | Found a magical portal.
 32869 | WizLab   | Entered Cigotuvi's Fleshworks
 32928 | WizLab   | Received a gift from Okawaru
 33237 | WizLab   | Got Cigotuvi's Almanac of Sculpting and Blasphemous
                  | Liturgies
 33246 | WizLab   | Got Nerphycs's Grimoire of Shapes
 33478 | WizLab   | Paralysed by a floating eye for 2 turns
 33529 | WizLab   | Identified the ring "Nesej" {Wiz rC+ Str+3 Stlth-}
 33555 | WizLab   | Paralysed by a floating eye for 4 turns
 33565 | WizLab   | Paralysed by a floating eye for 3 turns
 33994 | Vaults:4 | Identified the +9 falchion "Arcanum" {protect, rPois Int+4
                  | Dex+3} (Okawaru gifted it to you on level 4 of the Vaults)
 33994 | Vaults:4 | Received a gift from Okawaru
 34087 | Vaults:4 | Got the Lessons on Scorched Vapour
 34145 | Vaults:4 | Noticed Zenata
 34168 | Vaults:4 | Killed Zenata
 34935 | Vaults:4 | Identified the +6 rapier of the Present {speed, Fragile
                  | Str+4 Dex+4 Stlth+}
 35185 | Elf:1    | Entered Level 1 of the Elven Halls
 35411 | Elf:1    | Found Nucuhemp's Jewellery Emporium.
 35516 | Elf:1    | Bought a ring of resist corrosion for 340 gold pieces
 35586 | Elf:1    | Identified the +3 barding of Pantheism {rElec Will+ Str+4
                  | Int-5} (Okawaru gifted it to you on level 1 of the Elven
                  | Halls)
 35586 | Elf:1    | Received a gift from Okawaru
 36208 | Elf:2    | Found a runed translucent gate.
 36208 | Elf:2    | Found a runed translucent gate.
 36209 | Elf:2    | Found a runed translucent gate.
 36226 | Elf:2    | Reached XP level 20. HP: 177/184 MP: 18/27
 36863 | Elf:3    | Entered Level 3 of the Elven Halls
 37582 | Elf:3    | Identified the +8 tower shield of Adoisef {Harm rF- rC+
                  | Slay+3} (Okawaru gifted it to you on level 3 of the Elven
                  | Halls)
 37582 | Elf:3    | Received a gift from Okawaru
 37875 | Elf:3    | Reached skill level 15 in Dodging
 37961 | Elf:3    | Identified the +6 war axe "Goblinbane" {freeze, rPois rC++
                  | Int+4 Dex-4}
 37964 | Elf:3    | Identified the +9 glaive of Linearity {flame, Str+4}
 37987 | Elf:3    | Identified the +3 battleaxe of Glamorous Gallantry {elec,
                  | rPois Will+}
 37989 | Elf:3    | Identified the +9 rapier "Entydo" {vamp, rPois Int+4}
 38013 | Elf:3    | Identified the +3 scimitar of Toloak {flame, +Blink rElec
                  | rF+ Will+}
 38019 | Elf:3    | Identified the amulet of Ujut Jid {Reflect rPois Int+4
                  | SH+5}
 38030 | Elf:3    | Got the Disquisition on Conflagrant Moulding
 38643 | Depths:1 | Entered Level 1 of the Depths
 38643 | Depths:1 | You fall into a shaft and drop 1 floor!
 38872 | Depths:2 | Found a runed translucent door.
 38873 | Depths:2 | Noticed a golden dragon
 38928 | Depths:2 | Noticed a caustic shrike
 38991 | Depths:2 | Reached XP level 21. HP: 191/192 MP: 16/28
 39028 | Depths:2 | Noticed Saint Roka
 39073 | Depths:2 | Killed Saint Roka
 39152 | Depths:2 | Killed a caustic shrike
 39186 | Depths:2 | Killed a golden dragon
 39244 | Depths:2 | Found a gateway to Hell.
 39558 | Depths:2 | Found a one-way gate leading to the halls of Pandemonium.
 39658 | Depths:2 | Got the Precepts of Metal
 39916 | Depths:1 | Identified the +0 robe of Ilius {rN+ Int+4} (Okawaru gifted
                  | it to you on level 1 of the Depths)
 39916 | Depths:1 | Received a gift from Okawaru
 40054 | Depths:1 | Found a broken altar of Ashenzari.
 40057 | Depths:1 | Found Vygy Uvvi's Jewellery Emporium.
 40069 | Depths:1 | Bought the ring of Thoughtfulness {rN++ Will+++ Str+6 Int+3
                  | Dex-3} for 1304 gold pieces
 40247 | Depths:1 | Found a one-way gate to the infinite horrors of the Abyss.
 40968 | Depths:3 | Found a large runed translucent door.
 40968 | Depths:3 | Found a large runed translucent door.
 41016 | Depths:3 | Noticed the Enchantress
 41310 | Depths:2 | Killed the Enchantress
 41854 | Depths:3 | Identified the +0 tower shield of Hilizodoor {rF+} (Okawaru
                  | gifted it to you on level 3 of the Depths)
 41854 | Depths:3 | Received a gift from Okawaru
 43021 | Depths:3 | Reached XP level 22. HP: 124/203 MP: 13/29
 43542 | Depths:4 | Entered Level 4 of the Depths
 43589 | Depths:4 | Noticed Jory
 43619 | Depths:4 | Killed Jory
 43890 | Depths:4 | Noticed Grunn
 43924 | Depths:4 | HP: 5/204 [poisoned by a putrid mouth (dark miasma)]
 43925 | Depths:3 | HP: 1/204 [poisoned by a putrid mouth (dark miasma)]
 44621 | Depths:4 | Killed Grunn
 44732 | Depths:4 | Found a gate to the Realm of Zot.
 44740 | Depths:4 | Noticed a golden dragon
 44746 | Depths:4 | Noticed a golden dragon
 44829 | Depths:4 | Killed a golden dragon
 44829 | Depths:4 | Identified the +10 quarterstaff "Newt's Regret" {protect,
                  | rC+ Stlth+} (Okawaru gifted it to you on level 4 of the
                  | Depths)
 44829 | Depths:4 | Received a gift from Okawaru
 45024 | Depths:4 | Found a one-way gateway to a ziggurat.
 45083 | Depths:4 | Killed a golden dragon
 45360 | Depths:4 | Noticed Mennas
 45364 | Depths:4 | Noticed a juggernaut
 45383 | Depths:4 | Killed Mennas
 45396 | Depths:4 | Killed a juggernaut
 46071 | Hell     | Entered the Vestibule of Hell
 46071 | Hell     | Noticed Geryon
 46075 | Hell     | Noticed Murray
 46090 | Hell     | Killed Geryon
 46136 | Hell     | Killed Murray
 46764 | Snake:1  | Entered Level 1 of the Snake Pit
 47211 | Snake:1  | Reached XP level 23. HP: 212/212 MP: 21/30
 47353 | Snake:1  | Found Hidwek's Book Shoppe.
 47353 | Snake:1  | Found Livetiy's Jewellery Boutique.
 47354 | Snake:1  | Found Qityggenat's Book Shoppe.
 47692 | Snake:2  | Reached skill level 15 in Armour
 47891 | Snake:2  | Found an ornate altar of the Wu Jian Council.
 49598 | Snake:4  | Entered Level 4 of the Snake Pit
 49607 | Snake:4  | Found Iytewutz's Incredible Inventory.
 49629 | Snake:4  | Found a frozen archway.
 49635 | Snake:4  | Received a gift from Okawaru
 49696 | IceCv    | Entered an ice cave
 49951 | IceCv    | Identified the ring "Wuvvoh" {Fly Will+}
 50590 | Snake:4  | Got a serpentine rune of Zot
 51028 | Crypt:1  | Entered Level 1 of the Crypt
 51531 | Crypt:1  | Noticed Xtahua
 51553 | Crypt:1  | Killed Xtahua
 51749 | Crypt:1  | Noticed Aizul
 51766 | Crypt:1  | Killed Aizul
 52286 | Crypt:2  | Acquired a +4 vorpal eveningstar
 52698 | Crypt:3  | Entered Level 3 of the Crypt
 52814 | Crypt:3  | Received a gift from Okawaru
 52821 | Crypt:3  | Found a basalt altar of Yredelemnul.
 53034 | Crypt:3  | Identified the +1 leather armour "Yrghul" {Will+}
 53266 | Crypt:3  | Reached XP level 24. HP: 224/224 MP: 30/30
 53559 | Crypt:3  | Identified the +4 double sword of the Gibberer {venom, rF+
                  | Str+6}
 53617 | Crypt:3  | Gained mutation: You are frail. (-10% HP) [a neqoxec]
 53769 | Crypt:3  | Found a staircase to the Tomb.
 53769 | Crypt:3  | Noticed Khufu
 53777 | Crypt:3  | Killed Khufu
 53817 | Crypt:3  | Identified the +5 mace "Miox" {flame, rElec rF+++ Str-2
                  | Stlth+}
 53927 | Crypt:3  | Received a gift from Okawaru
 53993 | Crypt:3  | Got the Incunabulum of Leadership and Venin
 54279 | Vaults:5 | Entered Level 5 of the Vaults
 54293 | Vaults:5 | Received a gift from Okawaru
 54694 | Vaults:5 | Got a silver rune of Zot
 54772 | Vaults:5 | Got the Directory of Shaping
 54784 | Vaults:5 | Identified the +3 cloak of Twilight {-Tele Will+++ Int-2
                  | Dex+9}
 54886 | Vaults:5 | Noticed Boris
 54906 | Vaults:5 | Killed Boris
 54941 | Vaults:5 | Identified the +3 chain mail of the Jabberwock {rF+ rC-
                  | Regen+ Int+4}
 55077 | Vaults:5 | Identified the +2 chain mail "Siapnihego" {rC+ Dex+3
                  | Slay+5} (Okawaru gifted it to you on level 5 of the Vaults)
 55077 | Vaults:5 | Received a gift from Okawaru
 55229 | Vaults:5 | Paralysed by a floating eye for 4 turns
 55450 | Vaults:5 | Found Oleenliu's Armour Shop.
 55461 | Vaults:5 | Bought the +3 pair of gauntlets of War {Slay+5} for 1045
                  | gold pieces
 55461 | Vaults:5 | Found the +3 pair of gauntlets of War {Slay+5}
 55536 | Vaults:5 | Noticed a dread lich
 55541 | Vaults:5 | Killed a dread lich
 55558 | Vaults:5 | Noticed a dread lich
 55565 | Vaults:5 | Identified the +9 battleaxe "Niummeim" {spect, *Noise rN++
                  | Int+4}
 55568 | Vaults:5 | Killed a dread lich
 55590 | Vaults:5 | Reached XP level 25. HP: 82/211 MP: 21/30
 55710 | Vaults:5 | Found the +10 morningstar "Eos" {elec, Halo rElec}
 55727 | Vaults:5 | Identified the +6 scale mail of the Prince of Darkness
                  | {Dex+3 SInv}
 55734 | Vaults:5 | Identified the +5 dagger "Moshropo" {vorpal, Drain rPois
                  | Int+10}
 56369 | Slime:1  | Entered Level 1 of the Pits of Slime
 56431 | Slime:2  | Lost mutation: You are frail. (-10% HP) [potion of
                  | mutation]
 56431 | Slime:2  | Gained mutation: You have a pair of small horns on your
                  | head. [potion of mutation]
 56431 | Slime:2  | Gained mutation: You are frail. (-10% HP) [potion of
                  | mutation]
 56432 | Slime:2  | Lost mutation: You have a pair of small horns on your head.
                  | [potion of mutation]
 56432 | Slime:2  | Lost mutation: You are frail. (-10% HP) [potion of
                  | mutation]
 56432 | Slime:2  | Gained mutation: You occasionally shout uncontrollably at
                  | your foes. [potion of mutation]
 56432 | Slime:2  | Gained mutation: Potions are less effective at restoring
                  | your health. [potion of mutation]
 56432 | Slime:2  | Gained mutation: You are frail. (-10% HP) [potion of
                  | mutation]
 56432 | Slime:2  | Gained mutation: You are strong-willed. (Will+) [potion of
                  | mutation]
 56433 | Slime:2  | Lost mutation: You occasionally shout uncontrollably at
                  | your foes. [potion of mutation]
 56433 | Slime:2  | Lost mutation: Potions are less effective at restoring your
                  | health. [potion of mutation]
 56433 | Slime:2  | Lost mutation: You are frail. (-10% HP) [potion of
                  | mutation]
 56433 | Slime:2  | Gained mutation: You expend magic power (3 MP) to
                  | strengthen your wands. [potion of mutation]
 56433 | Slime:2  | Gained mutation: You are occasionally teleported next to
                  | monsters. [potion of mutation]
 56433 | Slime:2  | Gained mutation: You are partially covered in iridescent
                  | scales. (AC +2) [potion of mutation]
 56434 | Slime:2  | Lost mutation: You are strong-willed. (Will+) [potion of
                  | mutation]
 56434 | Slime:2  | Lost mutation: You expend magic power (3 MP) to strengthen
                  | your wands. [potion of mutation]
 56434 | Slime:2  | Gained mutation: You occasionally shout uncontrollably at
                  | your foes. [potion of mutation]
 56434 | Slime:2  | Gained mutation: Your spells are a little harder to cast,
                  | but a little more powerful. [potion of mutation]
 56438 | Slime:2  | Lost mutation: Your spells are a little harder to cast, but
                  | a little more powerful. [potion of mutation]
 56438 | Slime:2  | Lost mutation: You are partially covered in iridescent
                  | scales. (AC +2) [potion of mutation]
 56438 | Slime:2  | Lost mutation: You occasionally shout uncontrollably at
                  | your foes. [potion of mutation]
 56438 | Slime:2  | Gained mutation: You possess an exceptional clarity of
                  | mind. [potion of mutation]
 56438 | Slime:2  | Gained mutation: You are partially covered in iridescent
                  | scales. (AC +2) [potion of mutation]
 56439 | Slime:2  | Lost mutation: You are occasionally teleported next to
                  | monsters. [potion of mutation]
 56439 | Slime:2  | Lost mutation: You possess an exceptional clarity of mind.
                  | [potion of mutation]
 56439 | Slime:2  | Gained mutation: You possess an exceptional clarity of
                  | mind. [potion of mutation]
 56439 | Slime:2  | Gained mutation: You can roll at foes to attack. [potion of
                  | mutation]
 56450 | Slime:2  | Gained mutation: You have large cloven feet. [a shining
                  | eye]
 56952 | Slime:5  | Entered Level 5 of the Pits of Slime
 57007 | Slime:5  | Gained mutation: Your body sometimes deteriorates upon
                  | taking damage. [a shining eye]
 57148 | Slime:5  | Found a viscous altar of Jiyva.
 57155 | Slime:5  | Noticed the Royal Jelly
 57166 | Slime:5  | Killed the Royal Jelly
 57196 | Slime:5  | Found the amulet of the Air {Inacc Air Fly rElec RMsl}
 57277 | Slime:5  | Identified the +6 battleaxe of the Tomato {vorpal, rElec}
 57316 | Slime:5  | Identified the +5 great mace of the Twenty Spirits {vamp,
                  | Dex+4}
 57321 | Slime:5  | Identified the +7 chain mail "Dystejol" {Int+6 Slay+2}
 57359 | Slime:5  | Got a slimy rune of Zot
 57828 | Zot:1    | Entered Level 1 of the Realm of Zot
 58010 | Zot:1    | Received a gift from Okawaru
 58277 | Zot:2    | Noticed an orb of fire
 58413 | Zot:1    | Identified the +4 mace "Uthrichu" {elec, rPois rC+ Str+5
                  | Int-2} (Okawaru gifted it to you on level 1 of the Realm of
                  | Zot)
 58413 | Zot:1    | Received a gift from Okawaru
 58797 | Zot:2    | Gained mutation: Your magical capacity is low. (-10% MP)
                  | [an orb of fire]
 58806 | Zot:2    | Gained mutation: You occasionally shout uncontrollably at
                  | your foes. [an orb of fire]
 58812 | Zot:2    | Killed an orb of fire
 58948 | Zot:2    | Reached XP level 26. HP: 224/246 MP: 18/27
 58958 | Zot:2    | Received a gift from Okawaru
 59056 | Zot:4    | Noticed an orb of fire
 59088 | Zot:4    | Killed an orb of fire
 59096 | Zot:4    | Identified the +0 pair of gloves of Defence {Int+2}
                  | (Okawaru gifted it to you on level 4 of the Realm of Zot)
 59096 | Zot:4    | Received a gift from Okawaru
 59180 | Zot:5    | Entered Level 5 of the Realm of Zot
 59610 | Zot:5    | Noticed an orb of fire
 59625 | Zot:5    | Noticed a dread lich
 59637 | Zot:5    | Gained mutation: You are weak. (Str -2) [an orb of fire]
 59642 | Zot:5    | Killed an orb of fire
 59652 | Zot:5    | Noticed an orb of fire
 59674 | Zot:5    | Killed an orb of fire
 59681 | Zot:5    | Killed a dread lich
 59683 | Zot:5    | Noticed an orb of fire
 59686 | Zot:5    | Gained mutation: You are strong-willed. (Will+) [an orb of
                  | fire]
 59691 | Zot:5    | Killed an orb of fire
 59712 | Zot:5    | Noticed an ancient lich
 59717 | Zot:5    | Killed an ancient lich
 59747 | Zot:5    | Noticed a dread lich
 59748 | Zot:5    | Noticed a dread lich
 59772 | Zot:5    | Killed a dread lich
 59780 | Zot:5    | Killed a dread lich
 59829 | Zot:5    | Noticed a dread lich
 59842 | Zot:5    | Killed a dread lich
 59876 | Zot:5    | Noticed an ancient lich
 59901 | Zot:5    | Killed an ancient lich
 59901 | Zot:5    | Identified the +0 hat "Mob Jomo" {rC+++ Str-5 Dex+6}
                  | (Okawaru gifted it to you on level 5 of the Realm of Zot)
 59901 | Zot:5    | Received a gift from Okawaru
 59993 | Zot:5    | Noticed a dread lich
 60008 | Zot:5    | Killed a dread lich
 60079 | Zot:5    | Noticed a dread lich
 60090 | Zot:5    | Killed a dread lich
 60094 | Zot:5    | Noticed an orb of fire
 60094 | Zot:5    | Gained mutation: You are clumsy. (Dex -2) [an orb of fire]
 60118 | Zot:5    | Killed an orb of fire
 60244 | Zot:5    | Got the Orb of Zot
 60289 | Zot:5    | Noticed a dread lich
 60337 | Zot:4    | Noticed Luecoir the pandemonium lord
 60476 | Zot:1    | Noticed Nawocisu the pandemonium lord
 60498 | Depths:4 | Killed Nawocisu the pandemonium lord
 60666 | D:14     | Reached XP level 27. HP: 97/255 MP: 20/29
 60780 | D:7      | Noticed Kilove the pandemonium lord
 60978 | D:1      | Noticed Boris
 60982 | D:1      | Killed Boris
 60999 | D:$      | Escaped with the Orb!

Illustrated notes

Levels and vault maps discovered:
D:1:      heliophobic_arrival_battle_scene, layout_basic,
          shapermc_ecumenical_altar_acropolis
D:2:      layout_loops_ring, uniq_crazy_yiuf_cottage
D:3:      layout_basic, eat_drink_and_be_merry_uskayaw, uniq_sigmund
D:4:      layout_basic, lemuel_doored_altar, amcnicky_mini_rare_corridor_liquid
D:5:      layout_loops_cross, minmay_temple_entry_mini_moons,
          corexii_leaking_fountain, chequers_serial_rivers_small_3,
          mrwooster_statue_mirror
D:6:      corexii_shack_village, layout_rooms, bloody_makhleb, serial_shops,
          nicolae_inconvenience_store, nicolae_lakefront_shop,
          nicolae_lakefront_shop, minivault_10, grunt_ministairs_13,
          kennysheep_another_room, hex_large, moated_statue,
          minmay_shop_grid_forest
D:7:      layout_cave_pools, grunt_temple_overflow_cloverleaf, uniq_duvessa
D:8:      minmay_klotski, layout_basic, kennysheep_mini_moat
D:9:      layout_stronghold, mainiacjoe_overflow_chevrons, onia_ninara_cookie,
          uniq_maggie
D:10:     layout_roguey
D:11:     layout_basic, lemuel_flamethrower_2, uniq_maurice
D:12:     layout_loops_ring, special_room [special_room_bee],
          lemuel_old_faithful
D:13:     layout_long_grid, hangedman_vaults_entry_quadrant_bands, uniq_erolcha
D:14:     layout_loops_corners, hangedman_decor_diamond_cutter,
          nicolae_trove_entry_columns
D:15:     grunt_enter_depths_giant_problem, layout_basic, grunt_qazlal_clouds,
          uniq_josephine
Temple:   nicolae_temple_bog_church
Lair:1:   layout_hall_layers, beast_lair_carwin_10, serial_bayou_shore_a,
          grunt_megastairs_4
Lair:2:   layout_cave_pods, elwin_shoals_entry_rocks, special_room
Lair:3:   layout_hall_layers, minmay_snake_entry_guardpost_small
Lair:4:   layout_long_grid, grunt_forest_large_clearings, grunt_megastairs_1,
          infiniplex_staircase_pool
Lair:5:   grunt_lair_end_beastmaster, layout_long_grid, slime_entry_2,
          gammafunk_ghost_hydra_chop
Shoals:1: layout_shoals, nicolae_shop_gadgets
Shoals:2: layout_shoals
Shoals:3: layout_shoals, uniq_louise
Shoals:4: shoals_end_hangedman, layout_shoals, serial_shops, nicolae_shop_trees
Snake:1:  hangedman_cross_stitches, layout_misc_corridors,
          hangedman_snake_wide_pillar_pass, minmay_shop_grove
Snake:2:  layout_chambers, basic_altar, grunt_ministairs_3,
          serial_bayou_lagoon_b
Snake:3:  layout_grid_maze
Snake:4:  minmay_snake_end_coiled, layout_cave_town,
          portal_ice_cave_entry_ugly_swarm, nicolae_alphabet_shops
Slime:1:  layout_caves
Slime:2:  layout_caves, cheibrodos_slime_lost_civilization_5
Slime:3:  layout_caves
Slime:4:  layout_caves
Slime:5
Orc:1:    layout_caves, serial_shops, nicolae_shop_statue_plus, mines_bat_river
Orc:2:    grunt_orc_community_town_hall, layout_caves,
          grunt_orc_community_big_house_1, grunt_orc_community_big_house_1,
          grunt_orc_community_house_2, grunt_orc_community_house_1,
          grunt_orc_community_house_1, grunt_orc_community_house_1,
          grunt_orc_community_house_3, basic_altar, gauntlet_entry_generic,
          hangedman_minor_magic, uniq_donald
Elf:1:    eino_elf_arrival_the_gate, layout_onion_city, serial_shops,
          nicolae_shop_advertising_works [nicolae_subvault_shop_adworks],
          minivault_28, st_stairs_14
Elf:2:    nicolae_elf_blades_splatter_lattice
          [nicolae_blade_entry_crossed_weapons], layout_geoelf_grid
Elf:3:    minmay_elf_hall_circle, layout_onion_city,
          nicolae_elf_shapeshifter_party
Vaults:1: hangedman_vaults_corner, nicolae_vaults_stairing_the_circle,
          nicolae_vaults_sealed_display, nicolae_vaults_rhombus_6,
          hangedman_vaults_snaps, hangedman_vaults_stitches, v_misc_27,
          vaults_dpeg_diagonal, nicolae_vaults_rhombus_5, layout_vaults_omnigrid
Vaults:2: vaults_room_hallway, nicolae_vaults_ninety_degrees, v_misc_22,
          ontoclasm_vaults_gateway, nicolae_vaults_rhombus_6, v_misc_26,
          nicolae_vaults_little_squares_5, minmay_crypt_entry_necro_gods,
          grunt_vaults_trifunnel, nicolae_vaults_shelves_hall, v_misc_19,
          vaults_dpeg_spiral, ontoclasm_vaults_pinch, layout_vaults_omnicross,
          serial_shops, bzr_entry_water
Vaults:3: hangedman_vaults_hat, v_misc_22, ontoclasm_vaults_ring_square,
          v_misc_15, vaults_dpeg_cross, v_rooms_2, vaults_standard_mumra_lines,
          nicolae_vaults_yaktaur_gun_rack, hangedman_vaults_nails, v_misc_27,
          ontoclasm_vaults_ligature, ontoclasm_vaults_decontamination,
          v_misc_15, nicolae_vaults_little_squares_3, layout_vaults_omnibox
Vaults:4: mu_enter_wizlab_4, ontoclasm_vaults_fault, ontoclasm_vaults_shuriken,
          nicolae_vaults_little_ls, ontoclasm_vaults_spin,
          nicolae_vaults_circle_grid_b, nicolae_vaults_asterisk,
          vaults_room_door_ring, nicolae_vaults_three_branches,
          layout_vaults_big_room, uniq_zenata
Vaults:5: uniq_boris
Crypt:1:  layout_misc_corridors, grunt_crypt_arrival_split, uniq_xtahua,
          uniq_aizul
Crypt:2:  layout_gridlike, uniq_margery
Crypt:3:  grunt_crypt_end_deaths_head
Depths:1: kennysheep_ambush_hall, layout_cave_shapes, abyss_entry_crystal,
          pf_hell_entry_tar_river, minmay_misc_feat_chi, serial_shops, shop,
          grunt_decor_mini_mirrors, serial_sigils_hangedman_gut,
          cheibrodos_ashenzari_chains
Depths:2: grunt_twist_and_shout, layout_long_grid, grunt_pan_entry_spiral,
          hell_entry, nicolae_concentric_dashed_squares_mild, dk_noncrumbling_2,
          kennysheep_treasure_room, uniq_josephina, uniq_saint_roka
Depths:3: lightli_eight_chambers, layout_basic, nicolae_benzene_ring,
          abyss_entry_small_statue_room, hell_entry, serial_bayou_shore_b,
          uniq_enchantress
Depths:4: grunt_crosshair, layout_gridlike, enter_ziggurat_c, hell_entry,
          abyss_entry, chequers_big_river, grunt_pan_entry_in_and_out,
          minmay_checkered_concentric_circles, uniq_jory, uniq_mennas,
          uniq_grunn
Hell
Zot:1:    nicolae_zot_stationary_front, layout_cellular_growth
Zot:2:    grunt_zot_stairs_mandelzot, layout_misc_corridors
Zot:3:    layout_onion_interference
Zot:4:    layout_gridville, zot_minivault_1
Zot:5:    layout_gridlike

Skill      XL: |  1  2  3  4  5  6  7  8  9 10 11 12 13 14 15 16 17 18 19 20 21 22 23 24 25 26 |
---------------+-------------------------------------------------------------------------------+-----
Shields        | 3 4 5 6 7 8 9 10 11 13 14 15 16 17 18 19 20 21 22 | 22.6
Fighting       | 4 5 6 7 8 9 10 11 12 14 15 16 17 18 19 20 21 22 23 24 | 24.4
Maces & Flails | 3 4 5 6 7 8 9 10 12 13 15 16 17 18 19 20 21 22 23 24 | 24.3
Armour         | 3 4 5 6 7 8 9 10 11 12 13 14 15 16 17 18 | 18.6
Invocations    | 1 3 5 6 8 9 10 12 | 12.6
Dodging        | 1 4 6 7 9 10 11 12 14 15 16 17 | 17.1

Action                   |  1- 3 |  4- 6 |  7- 9 | 10-12 | 13-15 | 16-18 | 19-21 | 22-24 | 25-27 || total
-------------------------+-------+-------+-------+-------+-------+-------+-------+-------+-------++-------
Melee: Flail             |    83 |       |       |       |       |       |       |       |       ||    83
       Tailslap          |     4 |     5 |    23 |    87 |   320 |   494 |   496 |   510 |   323 ||  2262
       Mace              |       |    49 |   226 |   540 |   397 |       |       |       |       ||  1212
       Demon whip        |       |       |       |       |  1208 |  2353 |  2463 |  1860 |  1226 ||  9110
       Morningstar       |       |       |       |       |       |     4 |     8 |    63 |       ||    75
       Sacred scourge    |       |       |       |       |       |       |       |   592 |   167 ||   759
       Kick              |       |       |       |       |       |       |       |       |   650 ||   650
Invok: Heroism           |       |       |     2 |    24 |    29 |    43 |    47 |    38 |    21 ||   204
       Finesse           |       |       |       |     1 |     2 |     3 |     8 |     9 |    10 ||    33
 Abil: Rolling Charge    |       |       |       |       |       |       |       |     1 |     2 ||     3
Evoke: Wand              |       |     1 |       |     4 |     3 |     1 |     4 |       |     6 ||    19
  Use: Potion            |     1 |       |       |       |       |     1 |       |     6 |    12 ||    20
       Scroll            |       |     4 |    13 |     2 |    14 |     7 |     2 |    22 |    12 ||    76
 Stab: Petrified         |       |       |       |       |    11 |       |       |       |       ||    11
       Distracted        |       |       |       |       |     1 |       |       |       |       ||     1
       Sleeping          |       |       |       |       |       |       |     1 |       |       ||     1
Armor: Scale mail        |    11 |       |       |       |       |       |       |       |       ||    11
       Chain mail        |    30 |    19 |       |       |       |       |   223 |       |       ||   272
       Plate armour      |       |       |   100 |       |       |       |       |       |       ||   100
       Ring mail         |       |       |    26 |   209 |   360 |   664 |   278 |       |       ||  1537
       Acid dragon scale |       |       |       |       |       |       |    94 |   891 |   554 ||  1539
Dodge: Dodged            |    21 |    11 |    56 |   224 |   791 |  1042 |   523 |   417 |   263 ||  3348
Block: Buckler           |    13 |     3 |    43 |   102 |   163 |       |       |       |       ||   324
       Tower shield      |       |       |       |       |   711 |  1968 |  1489 |  2326 |  1118 ||  7612
       Reflection        |       |       |       |       |       |       |     7 |   111 |    17 ||   135
